 Dungeon Crawl Stone Soup version 0.28.0-43-g3370ac3207 (webtiles) character file.

Game seed: 5148201396149042167

1217 imphell the Poker (level 8, -5/60 HPs)
             Began as a Merfolk Ice Elementalist on Mar 16, 2022.
             Slain by a two-headed ogre
             ... wielding a +0 giant club
              (21 damage)
             ... on level 5 of the Dungeon.
             The game lasted 00:22:20 (6772 turns).

imphell the Poker (Merfolk Ice Elementalist)        Turns: 6772, Time: 00:22:22

Health: -5/60      AC:  5    Str: 10    XL:     8   Next: 46%
Magic:  7/14       EV: 16    Int: 15    God:
Gold:   231        SH:  0    Dex: 20    Spells: 7/15 levels left

rFire   . . .      SeeInvis .   s - +1 halberd
rCold   . . .      Faith    .   (shield currently unavailable)
rNeg    . . .      Spirit   .   w - +2 robe {Will+}
rPois   .          Reflect  .   (no helmet)
rElec   .          Harm     .   (no cloak)
rCorr   .          Rampage  .   q - +0 pair of gloves
Will    +....                   (no boots)
Stlth   ++........              (no amulet)
HPRegen 0.20/turn               e - +6 ring of dexterity
MPRegen 0.14/turn               (no ring)

@: freezing walls
A: (nimble swimmer 2), mertail
a: no special abilities


You were on level 5 of the Dungeon.
You visited 1 branch of the dungeon, and saw 5 of its levels.

You collected 231 gold pieces.

Inventory:

Hand Weapons
 s - a +1 halberd (weapon)
 x - a +0 scythe
Missiles
 d - 48 arrows
 r - 8 boomerangs (quivered)
Armour
 b - a +0 leather armour
 q - a +0 pair of gloves (worn)
 w - a +2 robe of willpower (worn)
Jewellery
 e - a +6 ring of dexterity (left hand)
 m - a ring of see invisible
 n - an amulet of the acrobat
 o - an amulet of magic regeneration
 v - a ring of flight
Wands
 p - a wand of flame (19)
 y - a wand of polymorph (10)
Scrolls
 j - a scroll of identify
 u - a scroll of immolation {unknown}
 A - a scroll of magic mapping {unknown}
Potions
 a - 3 potions of lignification
 c - a potion of invisibility
 f - a potion of resistance {unknown}
 g - a potion of haste {unknown}
 h - a potion of flight {unknown}
 i - a potion of mutation {unknown}
 l - a potion of ambrosia {unknown}
 z - a potion of cancellation {unknown}
 B - a potion of degeneration {unknown}


   Skills:
 + Level 4.1 Fighting
 * Level 6.8 Polearms
 + Level 6.0 Dodging
 - Level 2.1 Stealth
 + Level 4.0 Spellcasting
 + Level 1.8 Conjurations
 + Level 6.2 Ice Magic


You had 7 spell levels left.
You knew the following spells:

 Your Spells              Type           Power      Damage    Failure   Level
a - Freeze                Ice            84%        1d10      1%          1
b - Frozen Ramparts       Ice            42%        1d6       4%          3
c - Flame Wave            Conj/Fire      5%         2d5       77%         4

Your spell library contained the following spells:

 Spells                   Type           Power      Damage    Failure   Level
 Ozocubu's Armour         Ice            21%        N/A       4%          3
 Scorch                   Fire           6%         2d5       26%         2
 Hailstorm                Conj/Ice       15%        3d5       32%         4
 Summon Cactus Giant      Summ           1%         N/A       100%        6


Dungeon Overview and Level Annotations

Branches:
Dungeon (5/15)
 Temple: D:4-7

Altars:

Shops:
D:1 !   D:3 (


Innate Abilities, Weirdness & Mutations

((You are very nimble when in or above water. (Stealth+, EV+, Speed+++)))
Your lower body shifts to a powerful aquatic tail in water.


Message History

You freeze the two-headed ogre.
The two-headed ogre is lightly wounded.
The wall freezes the two-headed ogre.
The two-headed ogre hits you with a +0 giant club!!
The two-headed ogre completely misses you.
Casting: Freeze (safe; 1% risk of failure)
Confirm with . or Enter, or press ? or * to list all spells.
Aiming: Freeze (safe; 1% risk of failure)
Press: ? - help, Shift-Dir - straight line, f/p - two-headed ogre
Aim: a two-headed ogre, wielding a +0 giant club and a +0 dire flail (moderately wounded)
You freeze the two-headed ogre.
The two-headed ogre is moderately wounded.
The wall freezes the two-headed ogre.
The two-headed ogre barely misses you. The two-headed ogre closely misses you.
Casting: Freeze (safe; 1% risk of failure)
Confirm with . or Enter, or press ? or * to list all spells.
Aiming: Freeze (safe; 1% risk of failure)
Press: ? - help, Shift-Dir - straight line, f/p - two-headed ogre
Aim: a two-headed ogre, wielding a +0 giant club and a +0 dire flail (moderately wounded)
You freeze the two-headed ogre.
The two-headed ogre is moderately wounded.
You hit the two-headed ogre.
The two-headed ogre is heavily wounded.
The wall freezes the two-headed ogre.
The two-headed ogre completely misses you. x2
You hit the two-headed ogre.
The two-headed ogre is heavily wounded.
The frozen ramparts melt away.
The two-headed ogre barely misses you.
The two-headed ogre hits you with a +0 dire flail!
Okay, then.
Casting: Freeze (safe; 1% risk of failure)
Confirm with . or Enter, or press ? or * to list all spells.
Casting: Frozen Ramparts (dangerous; 4% risk of failure)
Press: ? - help, Dir - look around, f - activate The walls around you are covered in ice.
The wall freezes the two-headed ogre.
The two-headed ogre hits you with a +0 giant club.
* * * LOW HITPOINT WARNING * * *
The two-headed ogre hits you with a +0 dire flail!!
You die...

############
...........#
##########O#
###########@######
#.........#.##....
######.######.......####
.......##...............
########...##.......####
# #.................# #
#.####...###.###.## #
#.# ##.## #.###.## # #.#
#.# #......#


You could see a two-headed ogre.

Vanquished Creatures
  Sigmund (D:4)
  Menkaure (D:4)
  Edmund (D:5)
  Duvessa (D:5)
  A sky beast (D:5)
  An ogre (D:5)
  A centaur (D:5)
  A bullfrog (D:4)
  Dowan (D:5)
  The ghost of Zippel the Sneak, a weakling TeDe (D:3)
  2 centaur zombies (D:3)
  An orc wizard (D:5)
  An iguana (D:5)
  7 gnolls
  3 adders
  2 ufetubi (D:4)
  3 worms (D:2)
  A dart slug (D:3)
  11 orcs
  8 ball pythons
  6 endoplasms
  4 giant cockroaches
  8 goblins
  3 hobgoblins
  8 kobolds
  5 quokkas
  6 bats
  3 frilled lizards
  4 rats
96 creatures vanquished.

Notes
Turn   | Place    | Note
-------+----------+-------------------------------------------
     0 | D:1      | imphell the Merfolk Ice Elementalist began the quest for
                  | the Orb.
     0 | D:1      | Reached XP level 1. HP: 13/13 MP: 3/3
   292 | D:1      | Reached XP level 2. HP: 20/20 MP: 1/5
   461 | D:1      | Found Puiloq's Distillery.
   732 | D:1      | Reached skill level 1 in Fighting
   818 | D:1      | Found a faded altar of an unknown god.
  1181 | D:2      | Reached XP level 3. HP: 26/26 MP: 3/6
  1742 | D:2      | Learned a level 3 spell: Frozen Ramparts
  2296 | D:2      | Reached XP level 4. HP: 33/33 MP: 5/7
  3040 | D:3      | Found Cialaeph's Antique Weapon Emporium.
  3207 | D:3      | Reached skill level 5 in Ice Magic
  3465 | D:3      | Reached XP level 5. HP: 26/38 MP: 9/9
  3682 | D:3      | Found a runed translucent gate.
  3682 | D:3      | Found a runed translucent gate.
  3686 | D:3      | Found a runed translucent gate.
  3688 | D:3      | Noticed Zippel's ghost (weakling TeDe)
  3814 | D:3      | Reached skill level 1 in Polearms
  4350 | D:3      | Killed Zippel's ghost
  4556 | D:3      | Reached XP level 6. HP: 28/46 MP: 10/10
  4772 | D:4      | Noticed Sigmund
  4790 | D:4      | Killed Sigmund
  4918 | D:4      | Reached skill level 5 in Dodging
  4918 | D:4      | Reached XP level 7. HP: 46/52 MP: 7/12
  5149 | D:4      | Learned a level 4 spell: Flame Wave
  5291 | D:4      | Noticed Menkaure
  5538 | D:4      | Killed Menkaure
  5539 | D:4      | Reached skill level 5 in Polearms
  5929 | D:5      | Entered Level 5 of the Dungeon
  5963 | D:5      | Reached skill level 1 in Conjurations
  6216 | D:5      | Noticed Duvessa
  6216 | D:5      | Noticed Dowan
  6223 | D:5      | Killed Duvessa
  6224 | D:5      | Reached XP level 8. HP: 50/60 MP: 7/13
  6226 | D:5      | Killed Dowan
  6655 | D:5      | Noticed Edmund
  6662 | D:5      | Killed Edmund
  6757 | D:5      | Noticed a two-headed ogre
  6772 | D:5      | Slain by a two-headed ogre

Illustrated notes

Levels and vault maps discovered:
D:1:      dpeg_arrival_erosion, layout_basic, serial_shops,
          nicolae_shop_hallway_stairs, basic_ecumenical_altar
D:2:      wad_pebble_path, layout_basic, minmay_tetromino_t2
D:3:      kb_forest_paths, layout_basic, serial_shops,
          nicolae_shop_hallway_stairs, gammafunk_ghost_necromancy
D:4:      layout_cave_pools, st_stairs_7, minmay_fountain_box, uniq_menkaure,
          uniq_sigmund
D:5:      layout_loops_ring, uniq_edmund, uniq_crazy_yiuf_cottage, uniq_duvessa

Skill      XL: |  1  2  3  4  5  6  7  8 |
---------------+-------------------------+-----
Dodging        | 3 4 5 6 |  6.0
Fighting       | 1 2 3 4 |  4.1
Ice Magic      | 5 6 |  6.2
Polearms       | 2 4 5 6 |  6.8
Spellcasting   | 3 4 |  4.0
Conjurations   | 1 |  1.8
Stealth        | |  2.1

Action                   |  1- 3 |  4- 6 |  7- 9 || total
-------------------------+-------+-------+-------++-------
Melee: Dagger            |    38 |       |       ||    38
       Punch             |     1 |       |       ||     1
       Short sword       |    11 |     6 |       ||    17
       Halberd           |       |    71 |    52 ||   123
Throw: Boomerang         |       |     4 |     3 ||     7
 Cast: Freeze            |    46 |    25 |    17 ||    88
       Frozen Ramparts   |     1 |     9 |    11 ||    21
  Use: Scroll            |       |       |     5 ||     5
 Stab: Sleeping          |       |     2 |       ||     2
Armor: Leather armour    |     8 |    47 |       ||    55
       Robe              |       |       |     7 ||     7
Dodge: Dodged            |    51 |    98 |    44 ||   193
